 Dungeon Crawl Stone Soup version 0.20.1-1-g8b1a95d (webtiles) character file.

129 Gremour the Sneak (level 4, -8/37 HPs)
             Began as a Draconian Assassin on Sept 14, 2017.
             Killed from afar by an orc wizard (10 damage)
             ... with a magic dart
             ... on level 3 of the Dungeon.
             The game lasted 00:13:57 (2404 turns).

Gremour the Sneak (Draconian Assassin)              Turns: 2404, Time: 00:13:58

Health: -8/37      AC:  6    Str: 13    XL:     4   Next: 88%
Magic:  4/4        EV: 13    Int: 12    God:
Gold:   49         SH:  0    Dex: 13    Spells: 3/3 levels left

rFire    + . .     SeeInvis +   a - +2 dagger
rCold    + . .     Gourm    .   (no shield)
rNeg     . . .     Faith    .   (armour unavailable)
rPois    +         Spirit   .   (helmet restricted)
rElec    +         Reflect  .   c - +0 cloak
rCorr    +         Harm     .   (no gloves)
MR       .....                  (no boots)
Stlth    +++.......             (no amulet)
Regen    0.2/turn               g - ring of see invisible
MPRegen  0.1/turn               (no ring)

@: resistant, hasted and slowed
A: unfitting armour, cold-blooded, AC +5
a: no special abilities


You were on level 3 of the Dungeon.
You were hungry.

You visited 1 branch of the dungeon, and saw 3 of its levels.

You collected 49 gold pieces.

Inventory:

Hand Weapons
 a - a +2 dagger (weapon)
 b - a +0 blowgun
Missiles
 d - 8 poisoned needles
 e - 2 curare-tipped needles
Armour
 c - a +0 cloak (worn)
Jewellery
 g - a ring of see invisible (left hand)
Scrolls
 j - a scroll of teleportation {unknown}
 l - 2 scrolls of identify {unknown}
 o - a scroll of remove curse {unknown}
Potions
 i - a potion of flight {unknown}
 k - 2 potions of haste
 m - a potion of might {unknown}
Comestibles
 n - a meat ration


   Skills:
 + Level 2.5 Fighting
 - Level 2.3 Short Blades
 - Level 1.7 Throwing
 * Level 2.5 Dodging
 + Level 4.5 Stealth
 * Level 1.7 Unarmed Combat


You had 3 spell levels left.
You didn't know any spells.

Dungeon Overview and Level Annotations

Branches:
Dungeon (3/15)

Altars:
Ashenzari
Elyvilon
Fedhas
Gozag
Vehumet
Yredelemnul
Zin


Innate Abilities, Weirdness & Mutations

Your plain brown scales are hard. (AC +5)
You cannot fit into any form of body armour.
You are cold-blooded and may be slowed by cold attacks.


Message History

The magic dart hits you!
* * * LOW HITPOINT WARNING * * *
The orc wizard gestures wildly while chanting.
The orc wizard blinks!
The orc wizard hits you with a dagger.
* * * LOW HITPOINT WARNING * * *
The orc wizard casts a spell at you. You resist with some effort.
You closely miss the orc wizard.
The orc wizard is almost dead.
The orc wizard hits you with a dagger.
* * * LOW HITPOINT WARNING * * *
You hit the orc wizard but do no damage.
The orc wizard is almost dead.
The orc wizard hits you with a dagger.
* * * LOW HITPOINT WARNING * * *
It was a potion of resistance.
You feel protected. The orc wizard casts a spell at you.
The magic dart hits you!
You die...

### ... # #.#
#### #.# ... #.#
.# ###.
+#.##+#.##+#.#
#...
........oo@..#
#+##...
#.##'#.##+#.#
#.##... #.#..#.#
#.##... +.'..#.#
#.##...
#.####.####.#
###'#####
........)....#
#........
############.#
#........
#.######.......#
#.............##


You could see an orc wizard and an orc.

Vanquished Creatures
  A gnoll (D:1)
  6 adders (D:2)
  An ooze (D:2)
  A dart slug (D:2)
  2 leopard geckos (D:2)
  3 orcs (D:3)
  8 bats
  2 giant cockroaches
  2 goblins
  8 hobgoblins
  7 kobolds
  A quokka (D:2)
  A ball python (D:2)
  6 frilled lizards
  10 rats
59 creatures vanquished.

Notes
Turn   | Place    | Note
-------+----------+-------------------------------------------
     0 | D:1      | Gremour the Draconian Assassin began the quest for the Orb.
     0 | D:1      | Reached XP level 1. HP: 17/17 MP: 1/1
   399 | D:1      | Reached XP level 2. HP: 22/24 MP: 2/2
   403 | D:1      | Reached skill level 4 in Stealth
   485 | D:1      | Reached skill level 1 in Dodging
   786 | D:1      | Reached skill level 1 in Unarmed Combat
   786 | D:1      | Reached XP level 3. HP: 20/29 MP: 3/3
  1533 | D:2      | Found a shattered altar of Ashenzari.
  1568 | D:2      | Reached XP level 4. HP: 37/37 MP: 4/4
  1763 | D:2      | Found a radiant altar of Vehumet.
  1763 | D:2      | Found an opulent altar of Gozag.
  1764 | D:2      | Found a blossoming altar of Fedhas.
  1980 | D:2      | Found a white marble altar of Elyvilon.
  2105 | D:2      | Found a basalt altar of Yredelemnul.
  2290 | D:3      | Found a glowing silver altar of Zin.
  2404 | D:3      | Killed from afar by an orc wizard

Skill      XL: |  1  2  3  4 |
---------------+-------------+-----
Stealth        | 4 |  4.5
Dodging        | 1 2 |  2.5
Unarmed Combat | 1 |  1.7
Fighting       | |  2.5
Short Blades   | |  2.3
Throwing       | |  1.7

Action                   |  1- 3 |  4- 6 || total
-------------------------+-------+-------++-------
Melee: Dagger            |   116 |   119 ||   235
       Tailslap          |    11 |     9 ||    20
 Fire: Blowgun           |     1 |       ||     1
  Use: Potion            |       |     2 ||     2
 Stab: Sleeping          |     3 |     2 ||     5
  Eat: Bread ration      |     1 |       ||     1
Armor: Skin              |    52 |    35 ||    87
Dodge: Dodged            |    67 |    75 ||   142
